 Dungeon Crawl Stone Soup version 0.29-a0-219-g0a02b1cf4f (webtiles) character file.

Game seed: 18037155662270912952

1943 siradein the Chiller (level 9, 0/62 HPs)
             Began as a Ghoul Ice Elementalist on Feb 25, 2022.
             Was a Follower of Kikubaaqudgha.
             Slain by an ice beast (2 damage)
             ... on level 7 of the Dungeon.
             The game lasted 00:24:15 (7558 turns).

siradein the Chiller (Ghoul Ice Elementalist)       Turns: 7558, Time: 00:24:16

Health: 0/62       AC: 13    Str: 12    XL:     9   Next: 18%
Magic:  1/15       EV: 12    Int: 20    God:    Kikubaaqudgha [*.....]
Gold:   330        SH:  0    Dex:  9    Spells: 7/18 levels left

rFire   . . .      SeeInvis .   t - +9 falchion of Lel Lyg {protect, rF+}
rCold   + + .      Faith    .   (no shield)
rNeg    + + +      Spirit   .   s - +0 leather armour
rPois   ∞          Reflect  .   r - +2 hat
rElec   .          Harm     .   h - +0 cloak
rCorr   .          Rampage  .   (no gloves)
Will    .....                   (no boots)
Stlth   +.........              (no amulet)
HPRegen 0.00/turn               i - +6 ring of intelligence
MPRegen 0.14/turn               q - ring of ice

@: ice-armoured, marked, freezing walls, inhibited regen, studying Polearms
A: claws 1, cold resistance 1, negative energy resistance 3, inhibited
regeneration, torment resistance 2
a: Renounce Religion, Receive Corpses


You were on level 7 of the Dungeon.
You worshipped Kikubaaqudgha.
Kikubaaqudgha was aware of your devotion.
You visited 2 branches of the dungeon, and saw 8 of its levels.

You collected 330 gold pieces.

Inventory:

Hand Weapons
 b - a +2 dagger of flaming
 l - a +1 dagger of venom
 p - a +2 short sword of speed
 t - the +9 falchion of Lel Lyg (weapon) {protect, rF+}
   (You found it on level 7 of the Dungeon)

   It grants its wielder temporary protection when it strikes (+7 to AC).
   rF:        It protects you from fire.
Missiles
 c - 91 stones
Armour
 h - a +0 cloak (worn)
 r - a +2 hat (worn)
 s - a +0 leather armour (worn)
Magical Staves
 E - a staff of conjuration
Jewellery
 i - a +6 ring of intelligence (left claw)
 o - a ring of magical power
 q - a ring of ice (right claw)
 u - a ring of ice
 w - a ring of magical power
Wands
 y - a wand of acid (18)
 D - a wand of flame (18)
Scrolls
 d - a scroll of fog
 k - 4 scrolls of immolation
 m - a scroll of magic mapping {unknown}
 n - 3 scrolls of blinking {unknown}
 x - a scroll of amnesia {unknown}
 A - a scroll of enchant weapon {unknown}
 C - a scroll of fear {unknown}
Potions
 a - a potion of brilliance
 e - a potion of mutation {unknown}
 f - 3 potions of heal wounds
 g - a potion of ambrosia
 j - 3 potions of curing
 v - 2 potions of flight {unknown}
 z - 2 potions of haste {unknown}
 B - 3 potions of attraction {unknown}
 F - 2 potions of might {unknown}


   Skills:
 + Level 5.4 Dodging
 - Level 2.1 Stealth
 + Level 5.0 Spellcasting
 + Level 3.3 Conjurations
 + Level 4.3 Necromancy
 + Level 7.6 Ice Magic


You had 7 spell levels left.
You knew the following spells:

 Your Spells              Type           Power      Damage    Failure   Level
a - Freeze                Ice            100%       1d11      1%          1
b - Frozen Ramparts       Ice            100%       1d12      1%          3
c - Ozocubu's Armour      Ice            52%        N/A       1%          3
d - Hailstorm             Conj/Ice       40%        3d10      16%         4

Your spell library contained the following spells:

 Spells                   Type           Power      Damage    Failure   Level
 Animate Skeleton         Necr           44%        N/A       2%          1
 Pain                     Necr           88%        1d8       2%          1
 Vampiric Draining        Necr           22%        2d7       8%          3
 Corpse Rot               Necr/Air       26%        N/A       9%          2
 Blink                    Tloc           10%        N/A       22%         2
 Passage of Golubria      Tloc           5%         N/A       82%         4
 Manifold Assault         Tloc           5%         N/A       99%         5
 Silence                  Hex/Air        2%         N/A       99%         5
 Lehudib's Crystal Spear  Conj/Erth      5%         10d3      100%        8
 Storm Form               Tmut/Air       Unusable   N/A       N/A         7

Dungeon Overview and Level Annotations

Branches:
Dungeon (7/15)             Temple (1/1) D:4

Altars:
Cheibriados
Dithmenos
Elyvilon
Fedhas
Gozag
Hepliaklqana
Kikubaaqudgha
Makhleb
Nemelex Xobeh
Okawaru
Qazlal
Ru
Sif Muna
Uskayaw
Vehumet
Wu Jian
Xom
Yredelemnul
Zin
The Shining One

Shops:
D:1 (

Annotations:
D:5 1 runed translucent door
D:7 Harold


Innate Abilities, Weirdness & Mutations

You thrive by killing the living.
You are immune to poison.
You have sharp fingernails.
Your flesh is cold resistant. (rC+)
You are immune to negative energy. (rN+++)
You do not regenerate when monsters are visible.
You are immune to unholy pain and torment.


Message History

Harold hits you with a +1 vorpal halberd!
* * * LOW HITPOINT WARNING * * *
x2
Casting: Freeze (safe; 1% risk of failure)
Confirm with . or Enter, or press ? or * to list all spells.
Aiming: Freeze (safe; 1% risk of failure)
Press: ? - help, Shift-Dir - straight line, f/p - Harold
Aim: Harold, wielding a +1 vorpal halberd, wearing a +1 scale mail of fire resistance and quivering 4 throwing nets (severely wounded, spells empowered)
You feel a surge of power!
You freeze Harold.
Harold is severely wounded.
The ice beast completely resists.
The wall freezes the ice beast but does no damage.
The ice beast hits you but does no damage.
The wall freezes Harold.
Harold closely misses you.
Casting: Freeze (safe; 1% risk of failure)
Confirm with . or Enter, or press ? or * to list all spells.
Aiming: Freeze (safe; 1% risk of failure)
Press: ? - help, Shift-Dir - straight line, f/p - Harold
Aim: Harold, wielding a +1 vorpal halberd, wearing a +1 scale mail of fire resistance and quivering 4 throwing nets (severely wounded, spells empowered)
You feel a surge of power!
You freeze Harold!
Harold is almost dead.
The ice beast completely resists.
The wall freezes the ice beast but does no damage.
The ice beast hits you but does no damage.
The wall freezes Harold!
Harold gestures at you while chanting. The mark upon you grows brighter.
Casting: Freeze (safe; 1% risk of failure)
Confirm with . or Enter, or press ? or * to list all spells.
Aiming: Freeze (safe; 1% risk of failure)
Press: ? - help, Shift-Dir - straight line, f/p - Harold
Aim: Harold, wielding a +1 vorpal halberd, wearing a +1 scale mail of fire resistance and quivering 4 throwing nets (almost dead, spells empowered)
You feel a surge of power!
You freeze Harold.
Harold is almost dead.
The ice beast completely resists.
The wall freezes the ice beast but does no damage.
The ice beast hits you.
* * * LOW HITPOINT WARNING * * *
The ice beast freezes you. You resist.
You die...
Kikubaaqudgha rasps: "You have failed me!
Welcome... oblivion!"

#### #.#. #.... ###
.....# ####)##
......###.....##
........#......#
......>.......##
......Y@......##
......@##......#######
....... ###.....#.##.###
....... #...............
...#...........#.#......
.. ##......##..#.#.##...
. ##..#.# #.......#...
###.. #..##......# ..
...##.....##


You could see Harold (empowered) and an ice beast.

Vanquished Creatures
  A hornet (D:7)
  An ice beast (D:7)
  2 black bears
  A sky beast (D:6)
  A necrophage (D:5)
  2 ogres (D:7)
  A phantom (D:7)
  A bullfrog (D:7)
  3 scorpions
  A gnoll sergeant (D:7)
  4 killer bees
  2 hounds
  2 jellies
  4 iguanas
  4 orc wizards
  7 gnolls
  5 adders
  A white imp (D:5)
  4 ufetubi
  2 worms
  3 dart slugs
  19 orcs
  9 endoplasms
  3 giant cockroaches
  6 goblins
  6 hobgoblins
  7 jackals
  6 quokkas
  4 ball pythons
  3 bats
  2 frilled lizards
  9 kobolds
  7 rats
133 creatures vanquished.

Notes
Turn   | Place    | Note
-------+----------+-------------------------------------------
     0 | D:1      | siradein the Ghoul Ice Elementalist began the quest for the
                  | Orb.
     0 | D:1      | Reached XP level 1. HP: 14/14 MP: 2/2
   244 | D:1      | Reached XP level 2. HP: 20/20 MP: 2/4
   725 | D:1      | Found a faded altar of an unknown god.
   833 | D:1      | Found Asarept's Weapon Shop.
   968 | D:1      | Reached XP level 3. HP: 26/26 MP: 5/5
   974 | D:1      | Learned a level 3 spell: Frozen Ramparts
  2215 | D:2      | Reached skill level 5 in Ice Magic
  2215 | D:2      | Reached XP level 4. HP: 33/33 MP: 2/6
  3217 | D:3      | Learned a level 3 spell: Ozocubu's Armour
  3631 | D:4      | Noticed a scorpion
  3637 | D:4      | Killed a scorpion
  3638 | D:4      | Reached XP level 5. HP: 38/38 MP: 8/8
  4009 | D:4      | Found a staircase to the Ecumenical Temple.
  4041 | D:4      | Reached XP level 6. HP: 38/45 MP: 9/9
  4077 | Temple   | Entered the Ecumenical Temple
  4269 | Temple   | Became a worshipper of Kikubaaqudgha
  5126 | D:4      | Learned a level 4 spell: Hailstorm
  5162 | D:5      | Entered Level 5 of the Dungeon
  5233 | D:5      | Reached skill level 1 in Necromancy
  5252 | D:5      | Noticed a necrophage
  5262 | D:5      | Killed a necrophage
  5263 | D:5      | Reached skill level 6 in Ice Magic
  5263 | D:5      | Reached XP level 7. HP: 40/50 MP: 11/11
  5418 | D:5      | Reached skill level 1 in Conjurations
  5695 | D:5      | Found a runed translucent door.
  5801 | D:5      | Noticed a vampire mosquito
  6266 | D:6      | Reached XP level 8. HP: 57/57 MP: 13/13
  6679 | D:6      | Found a burning altar of Makhleb.
  6839 | D:7      | Identified the +9 falchion of Lel Lyg {protect, rF+}
  6919 | D:7      | Reached * piety under Kikubaaqudgha
  6919 | D:7      | Received a gift from Kikubaaqudgha
  6926 | D:7      | Reached skill level 7 in Ice Magic
  7012 | D:7      | Reached skill level 5 in Dodging
  7262 | D:7      | Reached XP level 9. HP: 62/62 MP: 10/15
  7391 | D:7      | Noticed a hornet
  7397 | D:7      | Killed a hornet
  7526 | D:7      | Reached skill level 5 in Spellcasting
  7548 | D:7      | Noticed Harold
  7555 | D:7      | HP: 3/62 [Harold/+1 vorpal halberd (4)]
  7558 | D:7      | Slain by an ice beast

Illustrated notes

Levels and vault maps discovered:
D:1:      lemuel_arrival_behind_the_door_small, layout_loops_ring, serial_shops,
          nicolae_shop_bloodbath_and_beyond,
          shapermc_ecumenical_altar_mp_vishouse, serial_rivers,
          chequers_serial_rivers_micro_d, chequers_serial_rivers_large_b,
          chequers_serial_rivers_micro_c, chequers_serial_rivers_small_3,
          chequers_serial_rivers_room_a, chequers_serial_rivers_room_a,
          minmay_stone_trees_small
D:2:      layout_rooms, serial_curves, eino_curves_02, eino_curves_04,
          hangedman_decor_points, minmay_statues_item, minmay_crystal_water
D:3:      layout_loops_corners, minivault_14, kennysheep_nondescript
D:4:      layout_loops_ring, minmay_temple_entry_water_ring
D:5:      layout_layer_cave, amcnicky_altar_gilded,
          ebering_ghost_reflecting_pool
D:6:      layout_loops_ring, kennysheep_flooded_box
D:7:      layout_cave_pools, uniq_harold
Temple:   mainiacjoe_temple_cubbyholes

Skill      XL: |  1  2  3  4  5  6  7  8  9 |
---------------+----------------------------+-----
Dodging        | 2 3 4 5 |  5.4
Spellcasting   | 2 3 4 5 |  5.0
Ice Magic      | 5 6 7 |  7.6
Necromancy     | 1 2 4 |  4.3
Conjurations   | 1 3 |  3.3
Stealth        | |  2.1

Action                   |  1- 3 |  4- 6 |  7- 9 || total
-------------------------+-------+-------+-------++-------
Melee: Unarmed           |    13 |       |       ||    13
       Punch             |     1 |     2 |     1 ||     4
       Dagger            |    91 |    54 |    31 ||   176
       Short sword       |       |    35 |       ||    35
       Falchion          |       |       |    35 ||    35
 Cast: Freeze            |    11 |    35 |    32 ||    78
       Frozen Ramparts   |       |    10 |    17 ||    27
       Ozocubu's Armour  |       |     2 |     9 ||    11
  Use: Scroll            |       |     4 |     3 ||     7
 Stab: Sleeping          |     2 |     2 |       ||     4
Armor: Robe              |    19 |    32 |       ||    51
       Leather armour    |       |     4 |    53 ||    57
Dodge: Dodged            |    55 |    60 |    72 ||   187

Table legend: (Time is in decaauts)
 A = Elapsed time spent in this place.
 B = Non-inter-level travel time spent in this place.
 C = Inter-level travel time spent in this place.
 D = Time resting spent in this place.
 E = Time spent auto-exploring this place.
 F = Levels seen in this place.
 G = Mean time per level.
                   A        B        C        D        E       F      G
               +--------+--------+--------+--------+--------+-----+--------+
         Total |   7592 |   7330 |    262 |     72 |   6035 |   8 |  949.0 |
       Dungeon |   7176 |   6967 |    209 |     72 |   5694 |   7 | 1025.1 |
        Temple |    415 |    362 |     53 |      0 |    341 |   1 |  415.0 |
               +--------+--------+--------+--------+--------+-----+--------+

Top non-repeatable levels by time:
     D:1: 1598 daAuts
     D:3: 1251 daAuts
     D:4: 1107 daAuts
     D:6: 980 daAuts
     D:2: 813 daAuts
     D:5: 761 daAuts
     D:7: 664 daAuts
  Temple: 415 daAuts
